 Dungeon Crawl Stone Soup version 0.29.1-12-g30fa7ad0bf (webtiles) character file.

Game seed: 7706506202462487043

35 FexLirch the Digger (level 3, 0/26 HPs)
             Began as a Meteoran Earth Elementalist on Jan 3, 2023.
             Was an Initiate of Cheibriados.
             Slain by an orc wizard
             ... wielding a +0 dagger
              (2 damage)
             ... on level 4 of the Dungeon.
             The game lasted 00:01:50 (291 turns).

FexLirch the Digger (Meteoran Earth Elementalist)    Turns: 291, Time: 00:01:51

Health: 0/26       AC:  2    Str: 11    XL:     3   Next: 76%
Magic:  7/8        EV: 12    Int: 19    God:    Cheibriados [......]
Gold:   7          SH:  0    Dex: 15    Spells: 5/8 levels left

rFire   . . .      SeeInvis .   d - +1 great sword (protect)
rCold   . . .      Faith    .   (shield currently unavailable)
rNeg    . . .      Spirit   .   a - +0 robe
rPois   .          Reflect  .   (no helmet)
rElec   .          Harm     .   (no cloak)
rCorr   .          Rampage  .   (no gloves)
Will    .....                   (no boots)
Stlth   +.........              (no amulet)
HPRegen 0.08/turn               (no ring)
MPRegen 0.11/turn               (no ring)

@: glowing, very slow
A: sense surroundings 1, otherworldly, glowing, explore regen
a: Renounce Religion


You were on level 4 of the Dungeon.
You worshipped Cheibriados.
Cheibriados was noncommittal.
You visited 2 branches of the dungeon, and saw 5 of its levels.

You collected 7 gold pieces.

Inventory:

Hand Weapons
 d - a +1 great sword of protection (weapon)
Armour
 a - a +0 robe (worn)
Scrolls
 c - 2 scrolls of teleportation {unknown}
Potions
 e - 2 potions of invisibility {unknown}


   Skills:
 - Level 2.4 Dodging
 - Level 1.4 Stealth
 + Level 3.4 Spellcasting
 + Level 1.8 Conjurations
 - Level 1.2 Transmutations
 + Level 4.2 Earth Magic


You had 5 spell levels left.
You knew the following spells:

 Your Spells              Type           Power      Damage    Failure   Level
a - Sandblast             Erth           38%        2d10      2%          1
b - Passwall              Tmut/Erth      10%        N/A       7%          2

Your spell library contained the following spells:

 Spells                   Type           Power      Damage    Failure   Level
 Stone Arrow              Conj/Erth      28%        3d8       13%         3
 Petrify                  Tmut/Erth      13%        N/A       43%         4


Dungeon Overview and Level Annotations

Branches:
Dungeon (4/15) Zot: 3228   Temple (1/1) D:4 Zot: 842

Altars:
Cheibriados
Dithmenos
Elyvilon
Kikubaaqudgha
Makhleb
Okawaru
Trog
The Shining One


Innate Abilities, Weirdness & Mutations

You passively map a small area around you.
You are easily found by Zot.
You glow in the dark.
You regain HP and MP as you explore.


Message History

Your experience leads to an increase in your attributes!
Your base attributes are Str 9, Int 16, Dex 14.
Increase (S)trength, (I)ntelligence, or (D)exterity?
You feel clever. x2; You feel stronger.
Casting: Sandblast (safe; 2% risk of failure)
Confirm with . or Enter, or press ? or * to list all spells.
Aiming: Sandblast (safe; 2% risk of failure)
Press: ? - help, Shift-Dir - straight line, f - ball python
Aim: a ball python (severely wounded, constricting you, 80% to hit)
The blast of sand hits the ball python!
You kill the ball python!
Cheibriados thoroughly appreciates the change of pace.
The orc wizard hits you with a +0 dagger.
* * * LOW HITPOINT WARNING * * *
Magic courses through your body.
The orc wizard hits you with a +0 dagger.
* * * LOW HITPOINT WARNING * * *
Casting: Sandblast (safe; 2% risk of failure)
Confirm with . or Enter, or press ? or * to list all spells.
Aiming: Sandblast (safe; 2% risk of failure)
Press: ? - help, Shift-Dir - straight line, f - orc wizard
Aim: an orc wizard, wielding a +0 dagger and wearing a +0 robe (77% to hit)
The blast of sand hits the orc wizard but does no damage.
The orc wizard hits you but does no damage.
The orc wizard hits you with a +0 dagger.
* * * LOW HITPOINT WARNING * * *
Casting: Sandblast (safe; 2% risk of failure)
Confirm with . or Enter, or press ? or * to list all spells.
You don't know that spell.
Unknown command.
Unknown command.
Casting: Sandblast (safe; 2% risk of failure)
Confirm with . or Enter, or press ? or * to list all spells.
Aiming: Sandblast (safe; 2% risk of failure)
Press: ? - help, Shift-Dir - straight line, f/p - orc wizard
Aim: an orc wizard, wielding a +0 dagger and wearing a +0 robe (77% to hit)
The blast of sand hits the orc wizard!
The orc wizard is heavily wounded.
The orc wizard hits you with a +0 dagger.
You die...

*, * * ,, * * , , * .
###########* , , *
..##.........#* *
.'.........#
######...$.....#. *
........o).......
........@....... *,
................ *
####...........
#.........##
#######)........# ,,
######.....).....>...#
*
#........###......$..#
#........# #.........#
, #........#
#.........# *


You could see an orc wizard.

Vanquished Creatures
  An orc wizard (D:4)
  A worm (D:2)
  An orc (D:4)
  A ball python (D:4)
  A hobgoblin (D:2)
  3 kobolds (D:4)
8 creatures vanquished.

Notes
Turn   | Place    | Note
-------+----------+-------------------------------------------
     0 | D:1      | FexLirch the Meteoran Earth Elementalist began the quest
                  | for the Orb.
     0 | D:1      | Reached XP level 1. HP: 14/14 MP: 5/5
    13 | D:2      | Reached XP level 2. HP: 20/20 MP: 0/6
    16 | D:2      | Learned a level 2 spell: Passwall
   196 | D:4      | Found a staircase to the Ecumenical Temple.
   206 | Temple   | Entered the Ecumenical Temple
   228 | Temple   | Became a worshipper of Cheibriados the Contemplative
   285 | D:4      | Reached skill level 1 in Conjurations
   288 | D:4      | Reached skill level 4 in Earth Magic
   288 | D:4      | Reached XP level 3. HP: 7/26 MP: 1/8
   291 | D:4      | Slain by an orc wizard

Illustrated notes

Levels and vault maps discovered:
D:1:      elethiomel_arrival_shortcut, layout_loops_ring
D:2:      layout_loops_ring, hellmonk_ecumenical_altar_heavens_door, basic_altar
D:3:      layout_basic, mainiacjoe_overflow_chevrons, uniq_grinder
D:4:      layout_basic, minmay_temple_entry_gardened_gates
Temple:   hellmonk_temple_forest_ring

Skill      XL: |  1  2 |
---------------+-------+-----
Spellcasting   | 3 |  3.4
Conjurations   | 1 |  1.8
Earth Magic    | 4 |  4.2
Dodging        | |  2.4
Stealth        | |  1.4
Transmutations | |  1.2

Action                   || total
-------------------------++-------
Melee: Great sword       ||     3
 Cast: Sandblast         ||    20
       Passwall          ||     1
  Use: Potion            ||     1
Armor: Robe              ||     3
Dodge: Dodged            ||     8
